cohdb
Replays
Latest Replays
All Replays
Popular Replays
Top Player Replays
Match Explorer
How It Works
Community
CoH3 Stats
Reddit
Sign in to upload your games and track your stats! →
Sign in with Steam
Match 43496418
Unlisted
Match 43496418
Overview
Messages
Build Orders
End
Kettenkrad Recon Vehicle
Construct Infanterie Kompanie
MG 42 Machine Gun Team
Grenadier Squad
Grenadier Squad
Grenadier Squad
Construct Luftwaffe Kompanie
Support Elements
Wirbelwind Flakpanzer
Jäger Squad
Jäger Squad
Kettenkrad Recon Vehicle
Jäger Squad
MG 42 Bunker
Jäger Squad
Selects Terror Battlegroup
Selects Machine Gun Camouflage
Selects Defend the Fatherland
Selects King Tiger Heavy Tank
King Tiger Heavy Tank
Selects Contempt for the Weak
Construct Panzer Kompanie
Selects Jericho Trumpet
Selects Jericho Trumpet
King Tiger Heavy Tank
Selects V1 Rocket Strike
V1 Rocket Strike
Medical Station
BLITZKRIEG BOB
Viperrexe
crywo1f
橘橘橘一
0
0
Comments
sign in to comment!
No comments posted yet!